 Dungeon Crawl Stone Soup version 0.29-a0-96-g93358da72b (webtiles) character file.

Game seed: 18225291546070140775

420 siradein the Stinger (level 6, 0/35 (38) HPs)
             Began as an Octopode Transmuter on Feb 11, 2022.
             Slain by a gnoll shaman (5 damage)
             ... on level 4 of the Dungeon.
             The game lasted 00:13:48 (7043 turns).

siradein the Stinger (Octopode Transmuter)          Turns: 7043, Time: 00:13:49

HP:   0/35 (38)     AC:  2    Str: 10    XL:     6   Next: 94%
MP:   7/10          EV: 19    Int: 17    God:
Gold: 213           SH:  0    Dex: 17    Spells: 1/11 levels left

rFire   . . .      SeeInvis +     - Unarmed
rCold   . . .      Faith    .   (shield currently unavailable)
rNeg    . . .      Spirit   .   (helmet currently unavailable)
rPois   x          Reflect  .   (no amulet)
rElec   .          Harm     .   h - ring of flight
rCorr   .          Rampage  .   j - ring of see invisible
Will    .....                   (no ring)
Stlth   ++........              (no ring)
HPRegen 0.11/turn               (no ring)
MPRegen 0.12/turn               (no ring)
                                (no ring)
                                (no ring)

@: spider-form, flying, drained
A: venomous fangs, almost no armour, (amphibious), 8 rings, tiny, (camouflage
1), (gelatinous body 1), (nimble swimmer 1), (tentacles)
a: End Transformation


You were on level 4 of the Dungeon.
You were a venomous arachnid creature.
You visited 1 branch of the dungeon, and saw 4 of its levels.
You also visited: Sewer.

You collected 213 gold pieces.

Inventory:

Hand Weapons
 e - a +5 mace (melded)
Armour
 l - a +1 hat of willpower (melded)
Jewellery
 h - a ring of flight (left front leg)
 j - a ring of see invisible (right front leg)
Wands
 o - a wand of mindburst (19)
Scrolls
 a - a scroll of amnesia {unknown}
 b - a scroll of summoning
 f - a scroll of identify {unknown}
 k - a scroll of blinking {unknown}
 n - a scroll of holy word {unknown}
Potions
 c - a potion of brilliance {unknown}
 d - a potion of mutation {unknown}
 g - a potion of experience {unknown}
 i - a potion of might {unknown}
 m - a potion of haste {unknown}


   Skills:
 + Level 1.4 Fighting
 + Level 2.3 Dodging
 + Level 3.2 Unarmed Combat
 + Level 3.2 Spellcasting
 + Level 4.4 Transmutations
 + Level 0.8 Ice Magic
 + Level 4.6 Poison Magic


You had one spell level left.
You knew the following spells:

 Your Spells              Type           Power      Damage    Failure   Level
a - Beastly Appendage     Tmut           34%        N/A       10%         1
b - Wereblood             Tmut           17%        N/A       13%         2
c - Spider Form           Tmut/Pois      18%        N/A       21%         3
d - Ice Form              Ice/Tmut       11%        N/A       71%         4

Your spell library contained the following spells:

 Spells                   Type           Power      Damage    Failure   Level


Dungeon Overview and Level Annotations

Branches:
Dungeon (4/15)              Sewer (visited)
 Temple: D:4-7

Altars:

Shops:
D:1 [


Innate Abilities, Weirdness & Mutations

You are a venomous arachnid creature.
You have poisonous fangs.
You are tiny and dextrous.
Your spellcasting is less reliable in this form.
Your armour is entirely melded.
You are incapable of wielding weapons or throwing items.
You cannot wear most types of armour.
((You are amphibious.))
You can wear up to eight rings at the same time.
((Your skin changes colour to match your surroundings (Stealth+).))
((Your rubbery body absorbs attacks. (AC +1, EV +1)))
((You are camouflaged when in or above water. (Stealth+)))
((You have tentacles for arms and can constrict up to eight enemies at once.))


Message History

(D) Dungeon
Where to? (Enter - D:4, ? - help)
What level of the Dungeon? (default 1, ? - help)
You see here 24 arrows.
You see here a +0 chain mail.
There is a stone staircase leading down here.
You fly downwards.
There is a stone staircase leading up here.
You see here a +0 whip.
There is a stone staircase leading down here.
You fly downwards.
The gnoll hits you from afar with a +0 spear!
There is a stone staircase leading up, spattered with blood here.
You turn into a venomous arachnid creature.
Your +5 mace melds into your body.
Your +1 hat of willpower melds into your body.
You feel less strong-willed. The gnoll barely misses you.
You hit the gnoll shaman.
The gnoll shaman is moderately wounded.
The gnoll shaman barely misses you. The gnoll closely misses you.
You barely miss the gnoll shaman.
The gnoll shaman is moderately wounded.
The gnoll shaman calls upon its god to speed up the gnoll.
The gnoll seems to speed up.
The gnoll hits you from afar with a +0 spear.
You hit the gnoll shaman.
The gnoll shaman is heavily wounded.
The gnoll misses you.
The gnoll shaman hits you with a +0 club!
You are too injured to fight recklessly!
You barely miss the gnoll shaman.
The gnoll shaman is heavily wounded.
The gnoll hits you from afar with a +0 spear.
The gnoll shaman hits you with a +0 club!
* * * LOW HITPOINT WARNING * * *
There is a stone staircase leading up, spattered with blood here.
The gnoll barely misses you.
The gnoll shaman hits you with a +0 club.
You die...

..................#........# #
..................#........# #
...................#.......# #
.................#.#.......# #
.................#.........######
.................##..###.#....(..
.............)...##..###.#.......
......[..........###g......g.....
,...............sgggg....#.###...
,,...............#########.# #.##
,,,,,,,,.........# #.# #.##
,,,,,,,,........##########.# #.##
,,,,,,,,................##.# #)#.
,,,,,,,,........#######.##.# #.#.
,,,,,,,,........# #.##.# #.#.
),,,,,,,........# #.##.# #.#.
,,,)),,,........# #.##g###.#.


You could see a gnoll shaman and 4 gnolls.

Vanquished Creatures
  Pargi (Sewer)
  An ogre (D:4)
  An orc priest (D:3)
  A hound skeleton (D:4)
  A gnoll (D:4)
  4 adders
  A river rat (D:4)
  A dart slug (D:1)
  3 worms
  12 orcs
  11 ball pythons
  A bat (D:1)
  7 endoplasms
  7 giant cockroaches
  11 goblins
  8 hobgoblins
  10 kobolds
  4 quokkas
  6 frilled lizards
  A quokka skeleton (D:4)
  9 rats
101 creatures vanquished.

Vanquished Creatures (collateral kills)
  A hobgoblin (D:3)
1 creature vanquished.

Vanquished Creatures (others)
  An orc wizard (D:3)
1 creature vanquished.

Grand Total: 103 creatures vanquished

Notes
Turn   | Place    | Note
-------+----------+-------------------------------------------
     0 | D:1      | siradein the Octopode Transmuter began the quest for the
                  | Orb.
     0 | D:1      | Reached XP level 1. HP: 13/13 MP: 3/3
   168 | D:1      | Reached skill level 1 in Poison Magic
   399 | D:1      | Reached XP level 2. HP: 18/18 MP: 1/5
   404 | D:1      | Learned a level 2 spell: Wereblood
   539 | D:1      | Found Wagebb's Armour Boutique.
   986 | D:1      | Reached XP level 3. HP: 23/23 MP: 3/6
   990 | D:1      | Learned a level 3 spell: Spider Form
  1886 | D:2      | Reached XP level 4. HP: 23/28 MP: 5/7
  2070 | D:2      | You fall into a shaft and drop 2 floors!
  2149 | D:4      | Found a glowing drain.
  2160 | Sewer    | Entered a sewer
  2335 | Sewer    | Noticed Pargi
  2356 | Sewer    | Killed Pargi
  2357 | Sewer    | Reached XP level 5. HP: 20/33 MP: 5/9
  2853 | D:4      | Noticed an ogre
  2860 | D:4      | Killed an ogre
  2861 | D:4      | Reached XP level 6. HP: 25/38 MP: 6/10
  3067 | D:4      | Learned a level 4 spell: Ice Form
  3761 | D:3      | Found a faded altar of an unknown god.
  7043 | D:4      | Slain by a gnoll shaman

Illustrated notes

Levels and vault maps discovered:
D:1:      matt_arrival_spirals, layout_basic, serial_shops,
          nicolae_diamond_shop, minmay_crystal_water
D:2:      layout_basic
D:3:      layout_basic, ebering_ecumenical_altar_sacrificial
D:4:      layout_basic, gup_sewer_entry_bubbles, kennysheep_dice

Skill      XL: |  1  2  3  4  5 |
---------------+----------------+-----
Poison Magic   | 1 2 3 4 |  4.6
Transmutations | 3 4 |  4.4
Spellcasting   | 3 |  3.2
Fighting       | |  1.4
Dodging        | |  2.3
Unarmed Combat | |  3.2
Ice Magic      | |  0.8

Action                   |  1- 3 |  4- 6 || total
-------------------------+-------+-------++-------
Melee: Unarmed           |    69 |   129 ||   198
       Constrict         |    21 |     5 ||    26
       Kick              |    20 |     4 ||    24
       Tentacles         |    14 |     4 ||    18
       Mace              |     1 |    27 ||    28
 Cast: Beastly Appendage |    26 |     9 ||    35
       Spider Form       |     1 |    31 ||    32
       Wereblood         |     1 |     1 ||     2
  Use: Scroll            |       |     3 ||     3
 Stab: Sleeping          |     4 |     6 ||    10
Armor: Skin              |     2 |    12 ||    14
Dodge: Dodged            |    28 |   157 ||   185

Table legend: (Time is in decaauts)
 A = Elapsed time spent in this place.
 B = Non-inter-level travel time spent in this place.
 C = Inter-level travel time spent in this place.
 D = Time resting spent in this place.
 E = Time spent auto-exploring this place.
 F = Levels seen in this place.
 G = Mean time per level.
                   A        B        C        D        E       F      G
               +--------+--------+--------+--------+--------+-----+--------+
         Total |   7048 |   6791 |    257 |    904 |   4865 |   5 | 1409.6 |
       Dungeon |   6675 |   6418 |    257 |    904 |   4556 |   4 | 1668.8 |
         Sewer |    372 |    372 |      0 |      0 |    309 |   1 |  372.0 |
               +--------+--------+--------+--------+--------+-----+--------+

Top non-repeatable levels by time:
     D:2: 1869 daAuts
     D:3: 1702 daAuts
     D:4: 1660 daAuts
     D:1: 1442 daAuts
   Sewer: 372 daAuts
